 Dungeon Crawl Stone Soup version 0.31.0-32-g396128a36d (webtiles) character file.

Game seed: 16558502507425629436

115 FexLirch the Cudgeller (level 5, 0/40 HPs)
             Began as a Formicid Warper on Mar 15, 2024.
             Slain by a gnoll
             ... wielding a +0 spear
              (7 damage)
             ... on level 2 of the Dungeon.
             The game lasted 00:02:35 (1794 turns).

FexLirch the Cudgeller (Formicid Warper)            Turns: 1794, Time: 00:02:36

Health: 0/40       AC:  5    Str: 15    XL:     5   Next: 20%
Magic:  8/8        EV: 11    Int: 15    God:
Gold:   93         SH:  0    Dex: 19    Spells: 8/8 levels left

rFire   . . .        a - +0 mace
rCold   . . .        (no shield)
rNeg    . . .        p - +0 ring mail
rPois   .            (helmet unavailable)
rElec   .            (no cloak)
rCorr   .            (no gloves)
SInv    +            (no boots)
Will    .....        (no amulet)
Stlth   +            k - +6 ring of dexterity
HPRegen 0.26/turn    (no ring)
MPRegen 0.11/turn

%: no passive effects
@: no status effects
A: permanent stasis, dig shafts and tunnels, antennae 3, four strong arms
a: Dig, Shaft Self


You were on level 2 of the Dungeon.
You visited 1 branch of the dungeon, and saw 2 of its levels.

You collected 93 gold pieces.

Inventory:

Hand Weapons
 a - a +0 mace (weapon)
Missiles
 c - 7 darts of dispersal
 h - 4 datura-tipped darts (quivered)
 i - 6 poisoned darts
 q - 13 stones
Armour
 b - a +0 leather armour
 p - a +0 ring mail (worn)
Jewellery
 e - a ring of fire
 k - a +6 ring of dexterity (left hand)
 r - the ring "Urchotan" {Ice rCorr Stlth+}
   (You found it on level 2 of the Dungeon)

   [ring of ice]

   Ice:       It enhances your ice magic.
   rF-:       It makes you vulnerable to fire.
   rC+:       It protects you from cold.
   rCorr:     It protects you from acid and corrosion.
   Stlth+:    It makes you more stealthy.
Scrolls
 d - 2 scrolls of identify {unknown}
 g - a scroll of amnesia {unknown}
 l - a scroll of poison {unknown}
 n - a scroll of vulnerability {unknown}
 s - a scroll of revelation {unknown}
 t - a scroll of blinking {unknown}
Potions
 f - a potion of attraction {unknown}
 j - a potion of enlightenment {unknown}
 m - a potion of cancellation {unknown}
 o - 2 potions of haste {unknown}
 u - a potion of lignification {unknown}
 v - a potion of berserk rage {unknown}


   Skills:
 + Level 2.9 Fighting
 * Level 3.2 Maces & Flails
 - Level 1.0 Throwing
 + Level 2.2 Armour
 + Level 2.4 Dodging
 - Level 2.1 Spellcasting
 + Level 3.1 Translocations


You had 8 spell levels left.
You didn't know any spells.
Your spell library contained the following spells:

 Spells                   Type           Power      Damage    Failure   Level
 Lesser Beckoning         Tloc           22%        N/A       17%         2
 Gell's Gravitas          Tloc           11%        N/A       34%         3
 Teleport Other           Tloc           11%        N/A       34%         3
 Manifold Assault         Tloc           11%        N/A       75%         4
 Dispersal                Tloc           5%         N/A       100%        6
 Blink                    Tloc           Unusable   N/A       N/A         2
 Vhi's Electric Charge    Tloc/Air       Unusable   N/A       N/A         4

Dungeon Overview and Level Annotations

Branches:
Dungeon (2/15)

Altars:


Innate Abilities, Weirdness & Mutations

You cannot be hasted, slowed, berserked, paralysed or teleported.
You can dig through walls and to a lower floor.
You have a pair of large antennae on your head. (SInv)
Your four strong arms can wield two-handed weapons with a shield.


Message History

You hit the adder.
The adder is moderately wounded.
You feel sick. The adder barely misses you. The gnoll closely misses you.
The adder barely misses you.
You closely miss the adder.
The adder is moderately wounded.
You feel sick.
You are no longer poisoned.
The adder closely misses you. The gnoll barely misses you.
You hit the adder.
The adder is severely wounded.
The adder closely misses you.
The gnoll hits you from afar with a +0 spear.
The adder closely misses you.
The gnoll hits you from afar with a +0 spear.
You completely miss the adder.
The adder is severely wounded.
The adder bites you but does no damage. The gnoll barely misses you.
The adder barely misses you.
You sock the adder!
You kill the adder!
The gnoll hits you from afar with a +0 spear.
You don't know any spells.
You don't know any spells.
You don't know any spells.
Unknown command.
Unknown command.
The gnoll hits you with a +0 spear!
* * * LOW HITPOINT WARNING * * *
You sock the gnoll!
The gnoll is severely wounded.
The gnoll barely misses you.
You hit the gnoll but do no damage.
The gnoll is severely wounded.
The gnoll misses you. The gnoll hits you with a +0 spear.
* * * LOW HITPOINT WARNING * * *
You hit the gnoll.
The gnoll is almost dead.
The gnoll hits you with a +0 spear!
You die...

#...#..##.#..#.##..#..#
##.###..##.#..#.#####..
#..#..#####.#..#.##..##
#.###..#..##.#..#.##..#
#.#..###.. ##.#..#..###
####..#.. ##.#.....#.
#..###.# {##.#..###.
###..#g.# {##.#..#.)
#..###@# ##..##†.
#...'..# { {##.'..#
##.####################
#........##.....#....##
#...........###.#.##...
#........#### #.#...##.
#........# #.###..#.
########## #....#.##
####.#.##


You could see a gnoll.

Vanquished Creatures
  A bombardier beetle (D:2)
  A gnoll (D:2)
  3 adders (D:2)
  3 dart slugs (D:1)
  2 endoplasms
  3 giant cockroaches
  5 goblins (D:2)
  3 hobgoblins
  A quokka (D:1)
  6 ball pythons
  3 bats
  2 frilled lizards (D:2)
  4 kobolds
  5 rats
42 creatures vanquished.

Vanquished Creatures (collateral kills)
  A kobold (D:2)
1 creature vanquished.

Grand Total: 43 creatures vanquished

Notes
Turn   | Place    | Note
-------+----------+-------------------------------------------
     0 | D:1      | FexLirch the Formicid Warper began the quest for the Orb.
     0 | D:1      | Reached XP level 1. HP: 16/16 MP: 3/3
   160 | D:1      | Reached XP level 2. HP: 22/22 MP: 5/5
   313 | D:1      | Found a faded altar of an unknown god.
   846 | D:1      | Reached XP level 3. HP: 27/28 MP: 6/6
  1156 | D:2      | Identified the ring "Urchotan" {Ice rCorr Stlth+}
  1559 | D:2      | Reached XP level 4. HP: 22/34 MP: 7/7
  1675 | D:2      | Reached XP level 5. HP: 35/40 MP: 8/8
  1794 | D:2      | Slain by a gnoll

Illustrated notes

Levels and vault maps discovered:
D:1:      evilmike_arrival_hilbert_curve, layout_basic,
          ebering_ecumenical_altar_hall, grunt_decor_one_mirror
D:2:      minmay_razor_zed, layout_rooms

Skill      XL: |  1  2  3 |
---------------+----------+-----
Dodging        | 2 |  2.4
Translocations | 3 |  3.1
Maces & Flails | 3 |  3.2
Armour         | 2 |  2.2
Fighting       | |  2.9
Throwing       | |  1.0
Spellcasting   | |  2.1

Action                     |  1- 3 |  4- 6 || total
---------------------------+-------+-------++-------
  Melee: Mace              |    96 |    43 ||   139
         Punch             |     2 |       ||     2
  Throw: Dart              |       |     1 ||     1
   Stab: Sleeping          |     1 |       ||     1
 Armour: Leather armour    |    25 |       ||    25
         Ring mail         |    27 |    29 ||    56
  Dodge: Dodged            |    56 |    39 ||    95
